[Event "Prague Festival Open 2022"]
[Site "Prague"]
[Date "2022.06.11"]
[Round "2.10"]
[White "Garriga Cazorla, Pere"]
[Black "Kratochvil, Vit"]
[Result "1-0"]
[ECO "E43"]
[WhiteElo "2495"]
[BlackElo "2220"]
[Annotator "TA"]
[PlyCount "67"]
[EventDate "2022.06.10"]
[EventType "swiss"]
[EventCountry "CZE"]
[SourceTitle "playchess.com"]
[Source "ChessBase"]
[SourceQuality "1"]
[TimeControl "40/5400+30:1800+30"]

1. d4 Nf6 2. c4 e6 3. Nc3 Bb4 4. Nf3 b6 5. e3 Bb7 6. Bd3 O-O 7. O-O c5 8. Na4 cxd4 9. exd4 Be7 10. a3 Bxf3 11. Qxf3 Nc6 12. Be3 d5 13. Rac1 {[%emt 0:11:36][%cal Ba1c1,Bc1c4,Bc4c2][%mdl 32] Strongly threatening cxd5. E43: Nimzo-Indian: Rubinstein: 4...b6.} dxc4 (13... e5 $11 14. cxd5 Nxd4 15. Bxd4 exd4) 14. Rxc4 $14 Na5 {[%emt 0:00:43] aiming for ...b5.} 15. Rc2 {[%emt 0:00:37] [#] White is slightly better.} Qd5 $146 ({Predecessor:} 15... Rc8 16. Rfc1 Rxc2 17. Rxc2 Nb3 18. Nc3 Nxd4 19. Bxd4 Qxd4 20. Nb5 Qe5 21. Nxa7 Qe1+ {0-1 (41) Duhayon,Y (2237)-Gozzoli,Y (2503) Cappelle la Grande 2009}) 16. b4 Qd7 $2 (16... Qxf3 $16 17. gxf3 b5) 17. Nc3 $18 ({Stronger than} 17. bxa5 Qxa4 18. axb6 axb6 $11) 17... Nc6 {[%emt 0:05:18] [#]} 18. Ne2 Ne5 19. dxe5 Qxd3 {[%emt 0:00:05] [#]} 20. exf6 $1 Qxc2 (20... Bxf6 21. Nd4) 21. fxe7 Rfe8 22. Nd4 {[%emt 0:00:04] Prevents Qf5.} Qc7 23. Nc6 Rac8 24. b5 ({Resist} 24. Rc1 Qd6 25. h3 Qd5 26. Qxd5 exd5 $18) 24... a6 (24... Rxe7 $142 25. Nxe7+ Qxe7) 25. a4 axb5 26. axb5 f6 27. Rd1 Ra8 28. Qe4 e5 29. Qd5+ Kh8 30. Nd8 {[%emt 0:00:44] Nf7+ would kill now.} Rc8 31. Nf7+ Kg8 32. Nh6+ Kh8 {[%emt 0:00:03] [#]} 33. Qg8+ $3 Rxg8 34. Nf7# {[%emt 0:00:05] Black did not feel at home in the position after the opening.  Weighted Error Value: White=0.03 (flawless) /Black=0.99} 1-0

[Event "Prague Festival Open 2022"]
[Site "Prague"]
[Date "2022.06.11"]
[Round "2.11"]
[White "Bujnoch, Radek"]
[Black "Petr, Martin"]
[Result "1/2-1/2"]
[ECO "D45"]
[WhiteElo "2218"]
[BlackElo "2488"]
[Annotator "TA"]
[PlyCount "97"]
[EventDate "2022.06.10"]
[EventType "swiss"]
[EventCountry "CZE"]
[SourceTitle "playchess.com"]
[Source "ChessBase"]
[SourceQuality "1"]
[TimeControl "40/5400+30:1800+30"]

1. d4 d5 2. c4 e6 3. Nf3 c6 4. e3 Nf6 5. Nc3 Nbd7 6. Be2 dxc4 7. a4 $1 {[%emt 0:00:13][%mdl 4] is recently more successful than 7.Bxc4.} Bd6 8. Nd2 {[%emt 0:00:14] D45: Semi-Slav: 5 e3.} O-O 9. Nxc4 Bc7 10. b3 {[%emt 0:00:07] White has an edge.} e5 11. Ba3 Re8 12. O-O exd4 13. Qxd4 Nb6 14. Nd6 {[%emt 0:14:10] [#]} Re6 $146 ({Predecessor:} 14... Bxd6 15. Bxd6 Be6 16. a5 Nbd5 17. Nxd5 Bxd5 18. Bc5 Nd7 19. Bd6 Re4 20. Qc3 Qg5 {½-½ (40) Mishra,A (2408)-Nagy,G (2511) Budapest 2021}) 15. Rad1 {[%emt 0:14:38] White is much more active.} Nbd5 {[%emt 0:00:17] ...Nxc3 is the strong threat.} 16. Nxd5 cxd5 17. Nxc8 Rxc8 18. Bf3 (18. Qxa7 $2 Bb6 19. Qxb7 Rc7 $19) 18... Be5 19. Qxa7 Ra8 20. Qc5 Nd7 $2 (20... Rc8 $16 21. Qb5 Rb6) 21. Qxd5 $18 Bxh2+ 22. Kh1 (22. Kxh2 Qh4+ 23. Kg1 Rh6 $11) 22... Rh6 {[%emt 0:03:33] ( -> ...Be5+)} 23. Bg4 {[%emt 0:00:15] This bishop pair is nice.} (23. Qxb7 {leads to mate.} Bd6+ 24. Kg1 Rh1+ $3 25. Kxh1 Qh4+ 26. Kg1 Qh2#) ({And not} 23. Bh5 Qh4 24. Bxf7+ (24. Qxd7 $2 Be5+ 25. Qh3 Qxh5 $19) (24. Qxf7+ Kh8 $17) 24... Kh8 25. Qxd7 Bc7+ 26. Qh3 Qg5 $15) (23. g3 $1 $18 {aiming for Kg2.} Bxg3+ 24. Kg2 Rh2+ 25. Kg1) 23... Qb8 24. Bh3 Nf6 25. Qd4 (25. Qc4 $18) 25... Be5 $16 26. Bd6 Bxd6 27. Qxd6 Ne4 28. Qxb8+ Rxb8 29. Rd4 Nc5 30. Rfd1 {[%emt 0:00:32] White wants to mate with Rd8+.} Kf8 31. Rb4 {[%emt 0:00:54] Inhibits Rb6.} Ke7 (31... b6 $16 {was called for.} 32. Kg1 Re8) 32. Rd5 $18 Rc6 33. Rb5 b6 34. a5 Na6 {[%emt 0:01:46] [#]} (34... Kf8 $142 35. Rxb6 Rcxb6 36. axb6 Ne4) 35. Rd7+ $1 Kf8 36. Ra7 $2 (36. Kh2 $18 {is more deadly.}) 36... bxa5 $16 37. Rxb8+ Nxb8 38. Rxa5 {[%emt 0:00:08][%mdl 4096] Endgame KRB-KRN} Rb6 {[%emt 0:04:28] [#]} 39. Ra3 $1 Na6 40. Bf5 Nb4 {[%emt 0:00:54] Inhibits Bd3.} 41. g4 Ke7 42. Kg2 Kf6 43. f4 ({Weaker is} 43. Bxh7 g6 $15) ({White should try} 43. Be4 $16) 43... h5 $1 $14 44. Ra5 hxg4 $1 {[%emt 0:01:31] The position is equal.} 45. Bxg4 Nc2 46. Rf5+ Ke7 47. Re5+ Kf6 48. Rf5+ Ke7 49. Re5+ {[%emt 0:00:05] Black escapes into a draw.  Weighted Error Value: White=0.12 (very precise) /Black=0.12 (very precise)} 1/2-1/2

[Event "Prague Festival Open 2022"]
[Site "Prague"]
[Date "2022.06.11"]
[Round "2.12"]
[White "Popovic, Dusan"]
[Black "Cherniack, Alex"]
[Result "1/2-1/2"]
[ECO "B00"]
[WhiteElo "2480"]
[BlackElo "2214"]
[Annotator "TA"]
[PlyCount "118"]
[EventDate "2022.06.10"]
[EventType "swiss"]
[EventCountry "CZE"]
[SourceTitle "playchess.com"]
[Source "ChessBase"]
[SourceQuality "1"]
[TimeControl "40/5400+30:1800+30"]

1. Nf3 b6 2. e4 Bb7 3. Nc3 Nf6 4. e5 Nd5 5. Bc4 Nxc3 6. dxc3 {[%emt 0:00:07][%cal Oe5e6] B00: Queen's Fianchetto Defence, Nimzowitsch Defence.} e6 7. Qe2 {[%emt 0:05:07] [#]} Be7 $146 ({Predecessor:} 7... d6 8. Bf4 Nd7 9. exd6 Bxd6 10. Bg3 Qf6 11. O-O-O Bxf3 12. gxf3 O-O 13. Bb5 Ne5 {1-0 (53) Tereick,B (2429)-Handke,F (2531) Germany 2015}) 8. h4 h6 9. Bf4 d5 10. exd6 $1 Bxd6 11. Ne5 {[%emt 0:17:41] White is more active.} (11. Bb5+ $16 Ke7 12. Be5) 11... Qf6 12. Bg3 (12. Bb5+ {seems wilder.} Ke7 13. Bg3 Rd8 14. h5) 12... O-O 13. O-O-O Rd8 14. Ng4 (14. f4 $5 ) 14... Qe7 15. Bxd6 Rxd6 16. Rxd6 cxd6 17. f4 Nd7 18. Qf2 Nf6 19. Nxf6+ Qxf6 20. Rf1 Rc8 21. Bd3 e5 22. g3 exf4 23. Qxf4 Qxf4+ 24. Rxf4 $15 {[%emt 0:00:03][%mdl 4096] Endgame KRB-KRB} Kf8 25. Ra4 Ra8 26. Bf5 Ke7 27. Rc4 {[%emt 0:01:05] Threatens to win with Rc7+.} Bd5 28. Rc7+ Kf6 29. Bc8 a5 30. a3 Rb8 {[%emt 0:00:53] The position is equal.} 31. Kd2 g5 32. hxg5+ hxg5 33. Ke3 Ke5 34. c4 Be6 35. Bxe6 fxe6 $11 {[%emt 0:01:33] KR-KR} 36. b4 axb4 37. axb4 Ra8 38. c3 Rb8 39. Kf3 Kf5 40. Rc6 g4+ 41. Ke3 Ke5 42. Kd3 Rf8 43. Rxb6 Rf3+ 44. Kc2 Rxg3 45. b5 Rf3 46. Rb8 {[%emt 0:00:00] Against Rf8} Rf7 {[%emt 0:00:00] [#] Hoping for ...Rg7.} 47. Kd2 Kf4 48. Ke2 g3 49. Rd8 Rg7 50. Kf1 e5 51. Rxd6 g2+ 52. Kg1 {[%emt 0:00:04] [#] And now c5 would win.} e4 $1 53. b6 e3 {[%emt 0:00:54] ( -> ...Re7)} 54. Re6 {[%emt 0:01:49] Against Re7. aiming for c5.} Kf3 55. Rf6+ Kg3 56. Re6 Kf3 57. Rf6+ Kg3 58. Re6 Kf3 59. Rf6+ Kg3 {[%emt 0:00:02] Weighted Error Value: White=0.06 (flawless) /Black=0.05 (flawless)} 1/2-1/2

[Event "Prague Festival Open 2022"]
[Site "Prague"]
[Date "2022.06.11"]
[Round "3.1"]
[White "Vojta, Jakub"]
[Black "Motylev, Alexander"]
[Result "0-1"]
[ECO "A14"]
[WhiteElo "2396"]
[BlackElo "2633"]
[Annotator "TA"]
[PlyCount "72"]
[EventDate "2022.06.10"]
[EventType "swiss"]
[EventCountry "CZE"]
[SourceTitle "playchess.com"]
[Source "ChessBase"]
[SourceQuality "1"]
[TimeControl "40/5400+30:1800+30"]

1. c4 e6 2. g3 d5 3. Bg2 Nf6 4. Nf3 Be7 5. O-O O-O 6. b3 d4 $1 {[%emt 0:00:37][%mdl 4] is now more promising than 6...c5.} 7. e3 Nc6 8. Bb2 e5 {[%emt 0:00:22] A14: English Opening: 1...e6 with b3 by White.} 9. exd4 exd4 10. d3 Bf5 {[%emt 0:01:24] The position is equal.} 11. Na3 Nb4 12. Ne1 ({Reject} 12. Nxd4 Bxd3 13. Bxb7 Rb8 $11) 12... c5 13. Bxb7 Rb8 14. Bg2 Qd7 15. Nac2 Nc6 16. Nf3 h6 17. Re1 Bd6 18. Ba3 a5 19. Qd2 Rfc8 {[%emt 0:01:12] [#]} 20. Nh4 $146 ({Predecessor:} 20. Rab1 Rb6 21. Nh4 Bh7 22. f4 Rcb8 23. Nf3 Qc7 24. Rb2 Ng4 25. Qe2 Bf5 26. Nh4 {0-1 (35) Vujadinovic,M (2147)-Johnson,H (1950) LSS email 2013}) 20... Bh7 21. f4 a4 (21... Nb4 $11 {keeps the balance.}) 22. bxa4 (22. Bxc6 $16 Qxc6 23. b4) 22... Qa7 $11 23. a5 {[%emt 0:14:46] [#]} (23. Rab1 $11) 23... Bc7 $1 $15 24. Qe2 ({Much weaker is} 24. Bxc6 Bxa5 25. Bb4 Rxb4 26. Nxb4 Bxb4 $17) ({Better is} 24. Qd1 $15) (24. Re2 Nxa5) 24... Bxa5 $17 25. Red1 (25. Rf1 $17 {was necessary.}) 25... Bc3 $19 26. Rab1 Nb4 27. Nxb4 cxb4 28. Bc1 Rxc4 29. f5 Rc5 30. a3 Re8 31. Qa2 (31. Qc2 {was worth a try.}) 31... Bxf5 32. Nxf5 Rxf5 33. Qb3 $2 (33. Qc4 Qe7 34. Rf1 Rxf1+ 35. Bxf1 bxa3 36. Qa4) 33... Re2 {[%emt 0:02:50] Threatens to win with ...Qe7.} 34. axb4 Rff2 {[%emt 0:00:50] Black mates.} 35. Bc6 Qe7 36. Bf4 {[%emt 0:00:29] [#]} Rxf4 $1 {[%emt 0:01:18][%mdl 512] Weighted Error Value: White=0.56/Black=0.07 (flawless)} 0-1

[Event "Prague Festival Open 2022"]
[Site "Prague"]
[Date "2022.06.11"]
[Round "3.2"]
[White "Nemec, Jachym"]
[Black "Huzman, Alexander"]
[Result "1/2-1/2"]
[ECO "D23"]
[WhiteElo "2367"]
[BlackElo "2541"]
[Annotator "TA"]
[PlyCount "43"]
[EventDate "2022.06.10"]
[EventType "swiss"]
[EventCountry "CZE"]
[SourceTitle "playchess.com"]
[Source "ChessBase"]
[SourceQuality "1"]
[TimeControl "40/5400+30:1800+30"]

1. d4 d5 2. c4 c6 3. Nf3 Nf6 4. Qb3 dxc4 5. Qxc4 Bf5 6. g3 e6 7. Bg2 Nbd7 8. O-O Be7 9. e3 O-O {[%emt 0:02:32] D23: Queen's Gambit Accepted: 3 Nf3 Nf6 sidelines.} 10. Qe2 h6 11. Rd1 Qa5 {[%emt 0:05:45] The position is equal. 11...Bh7 is setting a new trend.} 12. Nc3 Ne4 13. Bd2 {[%emt 0:03:46] [#] Strongly threatening Nxe4.} (13. Nxe4 {seems wilder.} Bxe4 14. Ne1 Bxg2 15. Bd2) 13... Nxd2 14. Nxd2 {[%emt 0:18:08][%cal Bf3d2,Bd2c4,Bc4e5][%mdl 32] [#]} Bg6 $146 ({Predecessor:} 14... Rfe8 15. Nc4 Qa6 16. Rac1 Nb6 17. Ne5 Qxe2 18. Nxe2 Red8 19. Nf4 g5 20. Nfd3 f6 {½-½ (43) Rajesh,V (2358)-Arun Prasad,S (2509) Dubai 2016}) 15. Bf3 Qc7 16. Nc4 Nb6 17. Ne5 Bh7 18. Rac1 $1 Bf6 19. Ng4 Be7 20. Ne5 Bf6 21. Ng4 Be7 22. Ne5 {[%emt 0:00:05] An even fight not without its subleties.  Weighted Error Value: White=0.07 (flawless) /Black=0.06 (flawless)} 1/2-1/2

[Event "Prague Festival Open 2022"]
[Site "Prague"]
[Date "2022.06.11"]
[Round "3.3"]
[White "Stefansson, Hannes"]
[Black "Molenda, Marcin"]
[Result "1-0"]
[ECO "B40"]
[WhiteElo "2534"]
[BlackElo "2368"]
[Annotator "TA"]
[PlyCount "63"]
[EventDate "2022.06.10"]
[EventType "swiss"]
[EventCountry "CZE"]
[SourceTitle "playchess.com"]
[Source "ChessBase"]
[SourceQuality "1"]
[TimeControl "40/5400+30:1800+30"]

1. e4 c5 2. Nf3 e6 3. b3 b6 4. d4 cxd4 5. Nxd4 Bb7 6. Nd2 {[%emt 0:00:30] B40: Sicilian: 2...e6, Unusual lines.} d6 7. Bb2 Nf6 8. Bd3 {[%emt 0:00:48] The position is equal.} Nbd7 9. O-O Be7 10. Re1 O-O 11. c4 {[%emt 0:00:20] [#]} a6 $146 ({Predecessor:} 11... Nc5 12. Bc2 Qc7 13. b4 Ncd7 14. Qe2 d5 15. exd5 Bxb4 16. dxe6 Bxd2 17. Qxd2 Ng4 {1-0 (29) Abbasov,O (1759)-Elkina,Y (1635) Dimitrovgrad 2013}) 12. b4 Qc7 13. Rc1 Rac8 14. Bb1 Rfe8 15. Qb3 Qb8 16. a3 d5 17. cxd5 Rxc1 18. Rxc1 exd5 19. exd5 Qf4 (19... Bd6 $5 20. Nf1 Bxd5 $11) 20. Nf1 {[%emt 0:07:37] And now Ne3 would win.} Bxd5 21. Qg3 Bd6 {[%emt 0:02:58][%cal Of4c1] [#] Hoping for ...Qxc1!} 22. Ne3 $40 {[%emt 0:05:27][%mdl 128] White has some attack.} Ne4 (22... Be5 $11) 23. Qxf4 $16 ({Stronger than} 23. Nxd5 Qxc1+ 24. Bxc1 Nxg3 $17) 23... Bxf4 24. Ndf5 {[%emt 0:01:42][%cal Of5e7] Ne7+! is the strong threat.} (24. Nxd5 $2 Bxc1 25. Bxc1 {[#]} Nc3 $1 26. Bxh7+ Kxh7 $19) 24... Ndf6 25. g3 Bxe3 26. Nxe3 Ba8 27. Ba2 Ng5 28. Rc7 Ng4 29. h4 $18 Nf3+ 30. Kf1 Nge5 (30... Nh6 $16 31. Ra7 Nh2+ 32. Ke2 Bf3+ 33. Kd2 Rd8+ 34. Kc1 Rc8+ 35. Kb1 Ra8) 31. Bxe5 Nxe5 32. f4 {[%emt 0:00:13] Weighted Error Value: White=0.05 (flawless) /Black=0.47} 1-0

[Event "Prague Festival Open 2022"]
[Site "Prague"]
[Date "2022.06.11"]
[Round "3.4"]
[White "Mladek, Richard"]
[Black "Iniyan, P."]
[Result "1/2-1/2"]
[ECO "E52"]
[WhiteElo "2361"]
[BlackElo "2518"]
[Annotator "TA"]
[PlyCount "81"]
[EventDate "2022.06.10"]
[EventType "swiss"]
[EventCountry "CZE"]
[SourceTitle "playchess.com"]
[Source "ChessBase"]
[SourceQuality "1"]
[TimeControl "40/5400+30:1800+30"]

1. d4 Nf6 2. c4 e6 3. Nc3 Bb4 4. e3 O-O 5. Bd2 d5 6. Nf3 b6 7. Rc1 Bb7 8. cxd5 exd5 9. Bd3 a6 10. O-O Bd6 $1 {[%emt 0:00:40] The main line 10...Bd6 scores better than 10...Nbd7.} 11. Ne5 {[%emt 0:00:06] E52: Nimzo-Indian: Rubinstein: 4...0-0 5 Nf3 d5 6 Bd3 b6.} c5 12. f4 Nc6 13. Ng4 {[%emt 0:03:07] White is slightly better.} Be7 14. dxc5 bxc5 15. Bb1 g6 16. Na4 c4 (16... Nxg4 $11 17. Qxg4 c4) 17. Bc3 {[%emt 0:14:40] next Bxf6 is good for White.} Nxg4 18. Qxg4 {[%emt 0:00:09] [#]} f5 $146 ({Predecessor:} 18... Bf6 19. f5 Bxc3 20. Nxc3 Ne5 21. Qg3 Re8 22. Rcd1 Qa5 23. Rd4 Rad8 24. Qg5 Qc5 {1-0 (49) Oye Stromberg,A (2157)-Kvaloy,A (2330) Fagernes 2022}) 19. Qf3 Na7 20. Rfd1 Bc6 21. b3 cxb3 (21... d4 22. Qf1 $16) (21... Ba3 $11 {keeps the balance.} 22. Nb2 Qe7) 22. axb3 $16 Qb8 ({Black should try} 22... Bf6 $14) 23. Be5 $18 Qxb3 (23... Qb7 $142 24. Nc5 Bxc5 25. Rxc5 Rac8) 24. Nc3 $1 {[%emt 0:00:13] Strongly threatening Ba2.} Bf6 25. Ba2 $1 ({Inferior is} 25. Nxd5 Bxe5 26. fxe5 Bxd5 $14) 25... Qb7 26. Nxd5 ({Don't play} 26. Bxd5+ Kh8 27. Rb1 Qc8) 26... Bxe5 27. fxe5 Kh8 28. Qf4 $1 Rae8 {[%emt 0:02:56] [#]} 29. Qd4 {[%emt 0:03:17] Against Qb2} (29. Nb4 $1 $18 {Hoping for e6.} Be4 {[#]} 30. e6 $1) 29... Bxd5 30. Bxd5 Qg7 31. e6 {[%emt 0:00:59] And now Qxg7+ would win.} Nb5 32. Qc5 Re7 $1 33. Bc6 (33. Bb3 $5 ) 33... Rxe6 34. Rd7 Re5 (34... Qf6 $11 35. Bxb5 axb5) 35. Qb6 ({Better is} 35. Qb4 $1 $14 Qf6 36. Bxb5 Rxb5 37. Qd4 Qxd4 38. exd4) 35... Re7 $11 {[%emt 0:00:55] The position is equal.} 36. Rcd1 Rxd7 37. Rxd7 Qa1+ 38. Kf2 {[%emt 0:00:01] Black must now prevent Qb7. Active counter play!} Qb2+ 39. Kf3 f4 {[%emt 0:00:49] aiming for ...fxe3+.} 40. Rd8 Qf6 41. Rxf8+ {[%emt 0:01:24] Black escapes into a draw.  Weighted Error Value: White=0.14 (very precise) /Black=0.18 (very precise)} 1/2-1/2

[Event "Prague Festival Open 2022"]
[Site "Prague"]
[Date "2022.06.11"]
[Round "3.5"]
[White "Simek, Petr"]
[Black "Alsina Leal, Daniel"]
[Result "1/2-1/2"]
[ECO "D27"]
[WhiteElo "2332"]
[BlackElo "2508"]
[Annotator "TA"]
[PlyCount "83"]
[EventDate "2022.06.10"]
[EventType "swiss"]
[EventCountry "CZE"]
[SourceTitle "playchess.com"]
[Source "ChessBase"]
[SourceQuality "1"]
[TimeControl "40/5400+30:1800+30"]

1. d4 d5 2. c4 dxc4 3. e3 Nf6 4. Bxc4 e6 5. Nf3 c5 6. O-O a6 7. dxc5 Bxc5 8. Qxd8+ Kxd8 9. Ne5 {[%emt 0:02:32] D27: Queen's Gambit Accepted: Classical main line: 7 e4!? and 7 a4.} Ke7 10. Be2 Nbd7 11. Nc4 b6 12. Nbd2 a5 13. Nb3 Ba6 14. Nxc5 bxc5 15. b3 Rhb8 16. Ba3 a4 17. Rfb1 Nd5 {[%emt 0:02:25] [#] Hoping for ...Nc3.} 18. Bf1 $146 ({Predecessor:} 18. Bf3 axb3 19. axb3 Bxc4 20. bxc4 Rxa3 21. cxd5 Ne5 22. dxe6 Nxf3+ 23. gxf3 Kxe6 24. Rxb8 Rxa1+ {0-1 (43) Martynov,R (2269)-Studer,N (2405) Tallinn 2019}) 18... Nb4 {[%emt 0:05:48] aiming for ...Nc2.} 19. Rc1 {[%emt 0:03:18] Prevents Nc2.} ({Don't blunder} 19. bxa4 $2 Bxc4 20. Bxc4 Nc2 21. Bxc5+ (21. Rxb8 $2 Rxb8 22. Bxc5+ Nxc5 $19) 21... Nxc5 22. Rxb8 Rxb8 $19) 19... Bb5 20. Nb2 axb3 21. axb3 Bxf1 22. Kxf1 Na6 23. Na4 Ke8 24. Rc3 Nf6 25. Rac1 Ne4 26. R3c2 c4 27. bxc4 Nc7 (27... Rb3 $11 28. Nc3 Nxf2 29. Rxf2 Rxa3) 28. Nc3 $16 Nxc3 29. Rxc3 Ra6 30. Bc5 e5 31. e4 Rc6 32. Be3 Ne6 33. c5 Rb4 34. Rc4 Rxc4 35. Rxc4 $14 {[%emt 0:00:02][%mdl 4096] Endgame KRB-KRN} Kd7 36. Ke2 Ra6 37. Rb4 Kc7 {[%emt 0:00:39] [#]} (37... Ra2+ $14 38. Kd3 Kc6) 38. Rb5 (38. Kd3 $1 $16) 38... Ra2+ 39. Kf3 Ra3 (39... h5 $11) 40. Ke2 ({White should play} 40. Kg4 $1 $14) 40... Ra2+ $11 41. Kf3 (41. Ke1 $11) 41... Ra3 $14 {[%emt 0:03:52] White must now prevent ...Nd4+.} 42. Ke2 {[%emt 0:00:54] Weighted Error Value: White=0.12 (very precise) /Black=0.12 (very precise)} (42. Kg4 $1 $14) 1/2-1/2

[Event "Prague Festival Open 2022"]
[Site "Prague"]
[Date "2022.06.11"]
[Round "3.6"]
[White "Santiago, Yago De Moura"]
[Black "Sokolovsky, Yahli"]
[Result "1/2-1/2"]
[ECO "D10"]
[WhiteElo "2498"]
[BlackElo "2369"]
[Annotator "TA"]
[PlyCount "98"]
[EventDate "2022.06.10"]
[EventType "swiss"]
[EventCountry "CZE"]
[SourceTitle "playchess.com"]
[Source "ChessBase"]
[SourceQuality "1"]
[TimeControl "40/5400+30:1800+30"]

1. d4 d5 2. c4 c6 3. cxd5 cxd5 4. Bg5 h6 5. Bh4 Qb6 6. Qd2 {[%emt 0:07:12] D10: Slav Defence: 3 cxd5 (without early Nf3) and 3 Nc3.} (6. Nc3 $5 ) 6... e5 {[%emt 0:09:56] White must now prevent ...Bb4.} 7. Nc3 Be6 8. e3 {[%emt 0:03:33] The position is equal.} ({But not} 8. dxe5 g5 9. O-O-O gxh4 $19) 8... exd4 {[%emt 0:01:36] [#]} 9. exd4 $146 ({Predecessor:} 9. Bb5+ Nc6 10. Qxd4 Qxd4 11. exd4 Rc8 12. Nge2 a6 13. Bxc6+ Rxc6 14. Kd2 Ne7 15. f3 {½-½ (40) Taimanov,M (2470)-Lugovoi,A (2500) St Petersburg 1996}) 9... Nc6 10. Bb5 Nge7 11. Bxe7 Bxe7 12. Nf3 O-O 13. Bxc6 Qxc6 14. O-O b5 15. Rac1 Qb7 16. Ne2 Rac8 17. Nf4 Bf5 18. Nd3 Bd6 19. Nc5 Qb8 {[%emt 0:02:02] aiming for ...Bf4.} 20. g3 {[%emt 0:00:08] Inhibits Bf4.} Rfe8 21. Rfe1 Bg4 22. Qd3 b4 23. Qb3 Qa8 24. Rxe8+ Rxe8 25. Kg2 a5 26. Qd3 Qc8 27. Ng1 h5 28. Qb5 h4 29. h3 Bf5 30. g4 {[%emt 0:00:29] [#]} Bxg4 {[%emt 0:00:41] A strong pair of Bishops.} ({Don't play} 30... Bf4 31. Ra1 Bxg4 32. hxg4 Qxg4+ 33. Kf1 $11) 31. Ne4 Bxh3+ $19 ({Weaker is} 31... Qxc1 32. Qxe8+ Bf8 33. Nc5) 32. Nxh3 Qg4+ 33. Ng3 Rf8 ({Better is} 33... Kf8 $19 34. Qxd5 Bxg3) 34. Qe2 $11 Qg6 {[%emt 0:00:15][%mdl 64] [#] Pin} 35. Qh5 hxg3 36. Qxg6 fxg6 37. fxg3 {[%emt 0:00:23][%mdl 4096] Endgame KRB-KRN} Re8 {[%emt 0:00:42] Strongly threatening ...Re2+.} 38. Kf3 {[%emt 0:00:07] Against Re2} Be7 39. Nf4 Bf6 40. Nxd5 Bxd4 41. b3 Re5 42. Rc8+ Kh7 (42... Kf7 $5 43. Nf4 g5 $17) 43. Rd8 Rf5+ 44. Ke4 Bf6 45. Ra8 Re5+ 46. Kd4 Rg5+ 47. Ke4 Re5+ 48. Kd4 Rg5+ 49. Ke4 Re5+ {[%emt 0:01:57] Weighted Error Value: White=0.11 (very precise) /Black=0.15 (very precise)} 1/2-1/2

[Event "Prague Festival Open 2022"]
[Site "Prague"]
[Date "2022.06.11"]
[Round "3.7"]
[White "Costa, Leonardo"]
[Black "Sankalp Gupta"]
[Result "1/2-1/2"]
[ECO "B12"]
[WhiteElo "2322"]
[BlackElo "2505"]
[Annotator "TA"]
[PlyCount "72"]
[EventDate "2022.06.10"]
[EventType "swiss"]
[EventCountry "CZE"]
[SourceTitle "playchess.com"]
[Source "ChessBase"]
[SourceQuality "1"]
[TimeControl "40/5400+30:1800+30"]

1. e4 c6 2. d4 d5 3. e5 Bf5 4. Nd2 e6 5. Nb3 a6 6. Nf3 {[%emt 0:00:12] B12: Caro-Kann: Advance Variation.} c5 7. dxc5 Bxc5 8. Nxc5 {[%emt 0:00:03] The position is equal.} Qa5+ 9. c3 Qxc5 10. Nd4 {[%emt 0:00:09] Black must now prevent Be3.} Ne7 11. Be3 Qc7 12. f4 Nbc6 13. Be2 Nxd4 14. Bxd4 Be4 15. O-O {[%emt 0:00:30] [#]} O-O $146 ({Predecessor:} 15... Nf5 16. Bf2 g6 17. Bf3 Bxf3 18. Qxf3 h5 19. Rad1 Qc4 20. b3 Qc6 21. c4 dxc4 22. Qxc6+ bxc6 23. bxc4 {½-½ (107) Gokerkan,C (2461)-Hansch,K (2300) Chess.com INT 2020}) 16. Rc1 Nf5 17. Qd2 Qa5 18. a3 Rfc8 19. Bf2 Rc6 20. g4 Ne7 21. Qd4 b5 22. Be3 Rcc8 23. Qb6 Qa4 24. Qd4 Nc6 25. Qxa4 bxa4 26. Rf2 Rcb8 27. Bf1 Rb7 28. Rd1 Na5 (28... h6 $11) 29. Rd4 $16 Nb3 30. Rxa4 a5 31. Bg2 f5 32. exf6 Bxg2 33. f7+ Kxf7 {[%emt 0:00:28] Hoping for ...Be4.} 34. Kxg2 Ke7 {[%emt 0:00:35] [#]} 35. Bd4 ({Better is} 35. f5 $1 $16) 35... Kd6 $11 36. Be5+ Kc6 {[%emt 0:03:48] Weighted Error Value: White=0.11 (very precise) /Black=0.13 (very precise)} 1/2-1/2